 Dungeon Crawl Stone Soup version 0.19.0-24-gb05acd6 (webtiles) character file.

553 smedtjen the Firebug (level 7, -6/46 HPs)
             Began as a Demonspawn Fire Elementalist on Nov 20, 2016.
             Mangled by Nuatha's ghost (8 damage)
             ... on level 5 of the Dungeon.
             The game lasted 00:30:25 (7489 turns).

smedtjen the Firebug (Demonspawn Fire Elementalist) Turns: 7489, Time: 00:30:26

Health: -6/46      AC:  6    Str:  8 (9)  XL:     7   Next: 8%
Magic:  2/12       EV: 12    Int: 19      God:
Gold:   112        SH:  4    Dex: 14      Spells: 2 memorised, 10 levels left

rFire  . . .     SeeInvis .     q - +2 quarterstaff (chaos)
rCold  . . .     Gourm    .     z - +1 leather armour
rNeg   . . .     Faith    .     (shield currently unavailable)
rPois  .         Spirit   .     g - +1 helmet
rElec  .         Reflect  .     (no cloak)
rCorr  .         Harm     .     (no gloves)
MR     .....     Rnd*Rage +     (no boots)
Stlth  +++.......               (no amulet)
                                (no ring)
                                (no ring)

@: no status effects
A: large bone plates 1, berserk 1, clever 1, deterioration 1, nightstalker 1,
powered by death 2
a: no special abilities


You were on level 5 of the Dungeon.
You were full.

You visited 1 branch of the dungeon, and saw 5 of its levels.

You collected 112 gold pieces.

Inventory:

Hand Weapons
 j - a +2 short sword of speed
 q - a +2 quarterstaff of chaos (weapon)
 s - a +0 great sword
 u - a +0 vampiric short sword
 w - a +0 blowgun
Missiles
 f - 59 stones (quivered)
 v - 42 poisoned needles
Armour
 a - a +0 robe
 g - a +1 helmet (worn)
 z - a +1 leather armour (worn)
Wands
 p - a wand of slowing (36/48)
Scrolls
 d - a scroll of amnesia
 h - 4 scrolls of identify
Potions
 i - 5 potions of curing
 k - a potion of heal wounds
 m - a potion of flight {unknown}
 n - a potion of might {unknown}
 o - 2 potions of berserk rage {unknown}
Books
 b - a book of Flames

   Spells                             Type                      Level
   a - Flame Tongue                   Conjuration/Fire             1
   b - Throw Flame                    Conjuration/Fire             2
   c - Conjure Flame                  Conjuration/Fire             3
   d - Inner Flame                    Hexes/Fire                   3
   e - Sticky Flame                   Conjuration/Fire             4
   f - Fireball                       Conjuration/Fire             5
Comestibles
 c - 5 bread rations
 l - 3 meat rations
 t - a slice of pizza


   Skills:
 + Level 0.1 Short Blades
 + Level 1.1 Staves
 + Level 1.5 Armour
 + Level 2.4 Dodging
 + Level 2.9 Stealth
 + Level 0.3 Unarmed Combat
 + Level 3.9 Spellcasting
 + Level 3.2 Conjurations
 + Level 4.2 Fire Magic


You had 10 spell levels left.
You knew the following spells:

 Your Spells              Type           Power        Failure   Level  Hunger
a - Flame Tongue          Conj/Fire      ###..        4%          1    None
b - Throw Flame           Conj/Fire      ###...       10%         2    ##.....


Dungeon Overview and Level Annotations

Branches:
Dungeon (5/15)
 Temple: D:4-7

Altars:
Ru
Xom

Shops:
D:4 =:[

Annotations:
D:5 Nuatha's ghost, amateur DsGl


Innate Abilities, Weirdness & Mutations

You are partially covered in large bone plates. (SH +4)
You are slightly more attuned to the shadows.
You regenerate health from kills.
You tend to lose your temper in combat.
Your mind is acute. (Int +2)
Your body sometimes deteriorates upon taking damage.


Message History

Nuatha's ghost hits you but does no damage.
As you read the scroll labeled CIURRI EDGHORA, it crumbles to dust.
The creatures around you are filled with an inner flame!
It was a scroll of immolation.
Nuatha's ghost hits you.
* * * LOW HITPOINT WARNING * * *
x2
As you read the scroll labeled BEOPSIXK VIPP, it crumbles to dust.
You hear a loud clanging noise!
It was a scroll of noise.
You hear a shout! x5
Nuatha's ghost closely misses you.
Unknown command.
Casting: Flame Tongue
Confirm with . or Enter, or press ? or * to list all spells.
Aiming: Flame Tongue
Press: ? - help, Shift-Dir - straight line, f/p - Nuatha's ghost
Aim: Nuatha's ghost, wielding a vorpal weapon (inner flame)
The flame tongue hits Nuatha's ghost.
Nuatha's ghost resists.
Nuatha's ghost is lightly damaged.
Nuatha's ghost hits you!
You die...

#. ... #[# #.#
..########.#####
...............#
#.....W@...# #..........#
#..........#
#..........#####
#..............#
#...###...........#
#########. #...........#
........#. #...........#
........#.###...........#


You could see Nuatha's ghost (inner flame).

Vanquished Creatures
  A scorpion (D:4)
  A wight (D:5)
  A centaur zombie (D:5)
  Crazy Yiuf (D:2)
  A hound (D:4)
  A jelly (D:3)
  3 orc priests
  2 orc wizards (D:4)
  2 worker ants (D:4)
  7 adders
  2 worms (D:2)
  A dart slug (D:1)
  A leopard gecko (D:2)
  9 orcs
  6 bats
  3 giant cockroaches
  6 goblins
  4 hobgoblins (D:2)
  3 jackals (D:2)
  10 kobolds
  2 quokkas
  7 frilled lizards
  A quokka skeleton (D:4)
  6 rats
81 creatures vanquished.

Notes
Turn   | Place    | Note
-------+----------+-------------------------------------------
     0 | D:1      | smedtjen the Demonspawn Fire Elementalist began the quest for the Orb.
     0 | D:1      | Reached XP level 1. HP: 13/13 MP: 3/3
   516 | D:1      | Reached skill level 3 in Fire Magic
   608 | D:1      | Gained mutation: You regenerate a little health from kills. [demonic ancestry]
   608 | D:1      | Reached XP level 2. HP: 17/19 MP: 1/5
  1158 | D:2      | Learned a level 2 spell: Throw Flame
  1476 | D:2      | Found a runed door.
  1581 | D:2      | Noticed Crazy Yiuf
  1585 | D:2      | Killed Crazy Yiuf
  1585 | D:2      | Reached XP level 3. HP: 24/24 MP: 1/6
  1728 | D:2      | Found a sacrificial altar of Ru.
  1971 | D:2      | Reached XP level 4. HP: 30/30 MP: 1/7
  2837 | D:3      | Gained mutation: You regenerate health from kills. [demonic ancestry]
  2837 | D:3      | Reached XP level 5. HP: 31/35 MP: 0/9
  3758 | D:3      | Found a shimmering altar of Xom.
  4390 | D:4      | Found Qunamnen's Book Emporium.
  4409 | D:4      | Found Esabeyjiff's Antique Armour Shop.
  4441 | D:4      | Gained mutation: You are partially covered in large bone plates. (SH +4) [demonic ancestry]
  4441 | D:4      | Reached XP level 6. HP: 41/41 MP: 7/11
  4601 | D:4      | Gained mutation: Your mind is acute. (Int +2) [potion of mutation]
  4601 | D:4      | Gained mutation: Your body sometimes deteriorates upon taking damage. [potion of mutation]
  4601 | D:4      | Gained mutation: You tend to lose your temper in combat. [potion of mutation]
  4660 | D:4      | Reached skill level 4 in Fire Magic
  4693 | D:5      | Entered Level 5 of the Dungeon
  6286 | D:4      | Found Puodih's Jewellery Shop.
  6360 | D:4      | Reached skill level 1 in Staves
  6508 | D:4      | Reached skill level 1 in Armour
  6834 | D:4      | Gained mutation: You are slightly more attuned to the shadows. [demonic ancestry]
  6834 | D:4      | Reached XP level 7. HP: 44/46 MP: 3/12
  7475 | D:5      | Noticed Nuatha's ghost (amateur DsGl)
  7487 | D:5      | HP: 2/46 [Nuatha's ghost (1)]
  7489 | D:5      | Mangled by Nuatha's ghost

Skill      XL: |  1  2  3  4  5  6 |
---------------+-------------------+-----
Fire Magic     | 3 4 |  4.2
Stealth        | 2 |  2.9
Dodging        | 2 |  2.4
Conjurations   | 2 3 |  3.2
Spellcasting   | 3 |  3.9
Staves         | 1 |  1.1
Armour         | 1 |  1.5
Short Blades   | |  0.1
Unarmed Combat | |  0.3

Action                   |  1- 3 |  4- 6 |  7- 9 || total
-------------------------+-------+-------+-------++-------
Melee: Unarmed           |    11 |       |       ||    11
       Short sword       |    13 |       |       ||    13
       Quarterstaff      |     3 |    19 |       ||    22
 Cast: Flame Tongue      |    36 |    65 |    13 ||   114
       Throw Flame       |     8 |    43 |       ||    51
  Use: Scroll            |     5 |     4 |     7 ||    16
       Potion            |     1 |     1 |       ||     2
 Stab: Sleeping          |     1 |       |       ||     1
  Eat: Chunk             |     1 |     2 |       ||     3
       Bread ration      |     1 |       |       ||     1
       Meat ration       |       |     3 |     1 ||     4
Armor: Robe              |    12 |     5 |       ||    17
       Leather armour    |       |     5 |     2 ||     7
Dodge: Dodged            |    38 |    36 |     6 ||    80
Block: Other             |       |     3 |     3 ||     6
